 Dungeon Crawl Stone Soup version 0.30-a0-1163-gf69bf04e7a (webtiles) character file.

Game seed: 4366768427681854302

263 IdlyInterested the Trooper (level 5, -6/45 HPs)
             Began as a Demonspawn Wanderer on Apr 28, 2023.
             Killed from afar by an orc wizard (10 damage)
             ... with a puff of flame
             ... on level 4 of the Dungeon.
             The game lasted 00:11:58 (3967 turns).

IdlyInterested the Trooper (Demonspawn Wanderer)    Turns: 3967, Time: 00:11:59

Health: -6/45      AC:  5    Str: 19    XL:     5   Next: 98%
Magic:  6/6        EV: 11    Int: 14    God:
Gold:   238        SH:  0    Dex: 11    Spells: 6/6 levels left

rFire   . . .        j - +0 trident
rCold   . . .        (no shield)
rNeg    + + .        h - +1 leather armour {rN+}
rPois   .            (no helmet)
rElec   .            m - scarf {shadows}
rCorr   .            d - +0 pair of gloves
SInv    .            (no boots)
Will    .....        o - amulet of faith
Stlth   +            l - ring of positive energy
HPRegen 0.27/turn    (no ring)
MPRegen 0.10/turn

%: faith
@: no status effects
A: big brain 2
a: no special abilities


You were on level 4 of the Dungeon.
You visited 1 branch of the dungeon, and saw 4 of its levels.

You collected 238 gold pieces.

Inventory:

Hand Weapons
 a - a +0 spear
 j - a +0 trident (weapon)
 p - a +0 short sword
Missiles
 c - 12 poisoned darts (quivered)
 k - 56 stones
 n - 3 javelins
Armour
 d - a +0 pair of gloves (worn)
 h - a +1 leather armour of positive energy (worn)
 m - a scarf of shadows (worn)
Magical Staves
 z - a staff of air
Jewellery
 l - a ring of positive energy (left hand)
 o - an amulet of faith (around neck)
Wands
 b - a wand of iceblast (1)
 e - a wand of flame (19)
 t - a wand of digging (1)
Scrolls
 g - 2 scrolls of fog
 i - a scroll of poison
 q - a scroll of silence {unknown}
 v - a scroll of enchant weapon {unknown}
 w - 2 scrolls of teleportation
 y - a scroll of noise {unknown}
Potions
 f - a potion of curing
 r - a potion of mutation
 s - a potion of flight {unknown}
 u - 2 potions of cancellation
 x - a potion of lignification


   Skills:
 * Level 5.6 Fighting
 - Level 1.0 Polearms
 - Level 1.0 Throwing
 - Level 2.0 Armour
 + Level 1.7 Dodging
 - Level 1.0 Stealth
 - Level 1.0 Spellcasting
 - Level 1.2 Invocations
 - Level 3.0 Evocations


You had 6 spell levels left.
You didn't know any spells.
Your spell library contained the following spells:

 Spells                   Type           Power      Damage    Failure   Level
 Kiss of Death            Conj/Necr      0%         2d5       30%         1
 Slow                     Hex            0%         N/A       30%         1
 Lesser Beckoning         Tloc           0%         N/A       43%         2
 Confusing Touch          Hex            0%         N/A       67%         3
 Dazzling Flash           Conj/Hex       0%         N/A       67%         3
 Gell's Gravitas          Tloc           0%         N/A       67%         3
 Teleport Other           Tloc           0%         N/A       67%         3
 Vampiric Draining        Necr           0%         2d6       67%         3
 Volatile Blastmotes      Fire/Tloc      0%         2d10      67%         3
 Dispel Undead            Necr           0%         3d6       97%         4
 Iskenderun's Mystic Bla  Conj/Tloc      0%         2d3       97%         4
 Starburst                Conj/Fire      0%         6d3       100%        6


Dungeon Overview and Level Annotations

Branches:
Dungeon (4/15)
 Temple: D:4-7

Altars:
Cheibriados

Shops:
D:3 (


Innate Abilities, Weirdness & Mutations

You have an extremely huge brain. (Int +4)


Message History

You hit the orc.
You kill the orc!
You miss something. Something hits you.
A magic dart appears from out of thin air!
The magic dart hits something!
You closely miss something.
You hear some strange, mumbled words.
A magic dart appears from out of thin air!
The magic dart hits you! Something hits you.
You miss something. Something hits you.
* * * LOW HITPOINT WARNING * * *
You puncture something!
You hear some strange, mumbled words.
Something tries to affect you, but you resist.
You hear some strange, mumbled words.
A puff of flame appears from out of thin air!
The puff of flame hits something!
Reactivating autopickup.
You feel a bit more experienced. Something hits you.
* * * LOW HITPOINT WARNING * * *
Deactivating autopickup; reactivate with Ctrl-A.
The orc hits you with a +0 dagger.
* * * LOW HITPOINT WARNING * * *
Items here: ))) [[[ ††.
You closely miss something. Your punch misses something. Something hits you.
* * * LOW HITPOINT WARNING * * *
The orc barely misses you.
You hit the orc but do no damage.
You hear some strange, mumbled words.
Something tries to affect you, but you resist.
The orc hits you with a +0 dagger.
* * * LOW HITPOINT WARNING * * *
Something hits you but does no damage. The orc hits you but does no damage.
You hit the orc.
The orc is moderately wounded.
You hear some strange, mumbled words.
A puff of flame appears from out of thin air!
The puff of flame hits you!
You die...

#..#####..#
#.......... ..
#.##.......
#.####.##..##...
##..........# .#
###...###.##..#
..............#
#..o######.##
#..{@......#
.$..##########
##


You could see an orc.

Vanquished Creatures
  A phantom (D:4)
  A crimson imp (D:4)
  Ijyb (D:3)
  3 adders
  3 worms
  4 dart slugs
  10 orcs
  2 bats
  4 endoplasms
  3 giant cockroaches
  2 goblins
  4 hobgoblins
  8 kobolds
  A quokka (D:3)
  10 ball pythons
  A frilled lizard (D:3)
  A goblin skeleton (D:4)
  5 hobgoblin zombies (D:4)
  2 kobold skeletons (D:4)
  A kobold zombie (D:4)
  An orc zombie (D:4)
  3 rats
71 creatures vanquished.

Vanquished Creatures (others)
  An orc wizard (D:4)
1 creature vanquished.

Grand Total: 72 creatures vanquished

Notes
Turn   | Place    | Note
-------+----------+-------------------------------------------
     0 | D:1      | IdlyInterested the Demonspawn Wanderer began the quest for
                  | the Orb.
     0 | D:1      | IdlyInterested set off with the following items: a +0
                  | spear, a wand of iceblast (2), 11 poisoned darts, a +0
                  | dagger, a potion of haste, a +0 leather armour.
     0 | D:1      | Reached XP level 1. HP: 18/18 MP: 2/2
   132 | D:1      | Reached skill level 1 in Armour
   637 | D:2      | Gained mutation: You have an unusually large brain. (Int
                  | +2) [demonic ancestry]
   637 | D:2      | Reached XP level 2. HP: 24/24 MP: 3/3
   775 | D:2      | Reached skill level 1 in Dodging
   966 | D:2      | Reached XP level 3. HP: 18/29 MP: 4/4
   977 | D:2      | Reached skill level 1 in Stealth
   977 | D:2      | HP: 2/45 [poisoned by an adder]
  1549 | D:2      | Reached skill level 4 in Fighting
  1772 | D:3      | Found Bingoss's Antique Weapon Boutique.
  2099 | D:3      | Gained mutation: You have an extremely huge brain. (Int +4)
                  | [demonic ancestry]
  2099 | D:3      | Reached XP level 4. HP: 33/37 MP: 5/5
  2152 | D:3      | Noticed Ijyb
  2178 | D:3      | HP: 1/37 [Ijyb/puff of flame (2)]
  2187 | D:3      | Killed Ijyb
  3152 | D:4      | Found a snail-covered altar of Cheibriados.
  3375 | D:4      | Reached skill level 5 in Fighting
  3375 | D:4      | Reached XP level 5. HP: 44/44 MP: 6/6
  3425 | D:4      | Noticed a phantom
  3455 | D:4      | Killed a phantom
  3460 | D:4      | HP: 2/44 [giant cockroach (2)]
  3967 | D:4      | Killed from afar by an orc wizard

Illustrated notes

Levels and vault maps discovered:
D:1:      arrival_zaba_pyramid, layout_basic
D:2:      layout_basic, minmay_randomly_rotated_circles
D:3:      layout_basic, serial_shops, nicolae_shop_tiny_statue_garden,
          dk_vineyard_3, roderic_serpentine_path, uniq_ijyb
D:4:      layout_loops_ring, nicolae_tso_besieged_by_evil,
          kennysheep_slug_shrine

Skill      XL: |  1  2  3  4 |
---------------+-------------+-----
Armour         | 1 2 |  2.0
Dodging        | 1 |  1.7
Stealth        | 1 |  1.0
Fighting       | 4 5 |  5.6
Polearms       | |  1.0
Throwing       | |  1.0
Spellcasting   | |  1.0
Invocations    | |  1.2
Evocations     | |  3.0

Action                     |  1- 3 |  4- 6 || total
---------------------------+-------+-------++-------
  Melee: Spear             |   129 |    50 ||   179
         Punch             |     3 |     6 ||     9
         Unarmed           |     1 |       ||     1
         Trident           |       |   173 ||   173
  Throw: Dart              |    11 |     7 ||    18
  Evoke: Wand              |       |     1 ||     1
    Use: Potion            |     4 |     2 ||     6
         Scroll            |     7 |       ||     7
   Stab: Sleeping          |       |     3 ||     3
 Armour: Chain mail        |    62 |    11 ||    73
         Leather armour    |     1 |    60 ||    61
  Dodge: Dodged            |    39 |   115 ||   154

Table legend: (Time is in decaauts)
 A = Elapsed time spent in this place.
 B = Non-inter-level travel time spent in this place.
 C = Inter-level travel time spent in this place.
 D = Time resting spent in this place.
 E = Time spent auto-exploring this place.
 F = Levels seen in this place.
 G = Mean time per level.
                   A        B        C        D        E       F      G
               +--------+--------+--------+--------+--------+-----+--------+
         Total |   4009 |   3699 |    310 |    387 |   2268 |   4 | 1002.2 |
       Dungeon |   4009 |   3699 |    310 |    387 |   2268 |   4 | 1002.2 |
               +--------+--------+--------+--------+--------+-----+--------+

Top non-repeatable levels by time:
     D:3: 1313 daAuts
     D:2: 1069 daAuts
     D:4: 887 daAuts
     D:1: 738 daAuts
